 Dungeon Crawl Stone Soup version 0.30.1-11-g7821555f0a (webtiles) character file.

Game seed: 5470510305889723157

220 lonewolfV2 the Trooper (level 5, -2/52 (53) HPs)
             Began as a Minotaur Fighter on Nov 14, 2023.
             Killed from afar by an orc wizard (12 damage)
             ... with a puff of flame
             ... on level 4 of the Dungeon.
             The game lasted 00:03:10 (2480 turns).

lonewolfV2 the Trooper (Minotaur Fighter)           Turns: 2480, Time: 00:03:11

HP:   -2/52 (53)    AC:  8    Str: 21    XL:     5   Next: 64%
MP:   4/4           EV:  9    Int:  5    God:
Gold: 232           SH:  4    Dex: 11    Spells: 4/4 levels left

rFire   . . .        a - +2 war axe
rCold   . . .        c - +0 buckler
rNeg    . . .        b - +0 scale mail
rPois   .            (helmet restricted)
rElec   .            (no cloak)
rCorr   .            s - +0 pair of gloves
SInv    .            (no boots)
Will    .....        k - amulet of faith Stlth
                     j - ring of flight
HPRegen 0.28/turn    (no ring)
MPRegen 0.09/turn

%: faith
@: flying, lightly drained
A: horns 2, retaliatory headbutt
a: no special abilities


You were on level 4 of the Dungeon.
You visited 1 branch of the dungeon, and saw 4 of its levels.

You collected 232 gold pieces.

Inventory:

Hand Weapons
 a - a +2 war axe (weapon)
Armour
 b - a +0 scale mail (worn)
 c - a +0 buckler (worn)
 s - a +0 pair of gloves (worn)
Jewellery
 j - a ring of flight (left hand)
 k - an amulet of faith (around neck)
Wands
 l - a wand of charming (9)
 q - a wand of acid (8)
Scrolls
 e - 5 scrolls of teleportation
 n - a scroll of poison
 o - a scroll of torment {unknown}
Potions
 d - 2 potions of might
 f - 2 potions of brilliance {unknown}
 g - a potion of ambrosia
 h - 2 potions of lignification
 i - a potion of curing
 m - a potion of heal wounds {unknown}
 p - a potion of degeneration {unknown}
 r - a potion of mutation {unknown}


   Skills:
 * Level 7.8 Fighting
 - Level 2.4 Axes
 - Level 3.6 Armour
 - Level 3.6 Shields


You had 4 spell levels left.
You didn't know any spells.
Your spell library contained the following spells:

 Spells                   Type           Power      Damage    Failure   Level
 Magic Dart               Conj           0%         1d3       87%         1
 Necrotise                Necr           0%         1d4       87%         1
 Call Imp                 Summ           0%         N/A       95%         2
 Sublimation of Blood     Necr           0%         N/A       95%         2
 Wereblood                Tmut           0%         N/A       95%         2
 Mephitic Cloud           Conj/Pois/Air  0%         N/A       99%         3
 Vampiric Draining        Necr           0%         2d6       99%         3
 Agony                    Necr           0%         N/A       100%        5
 Summon Hydra             Summ           0%         N/A       100%        7


Dungeon Overview and Level Annotations

Branches:
Dungeon (4/15)
 Temple: D:4-7

Altars:
Nemelex Xobeh


Innate Abilities, Weirdness & Mutations

You have a pair of horns on your head.
You reflexively headbutt those who attack you in melee.


Message History

The orc closely misses you. The orc hits you with a +0 flail.
Something hits you but does no damage. x2; You block the orc's attack.
The orc closely misses you.
You slash the orc!
You kill the orc!
You barely miss the orc. You completely miss something.
The orc completely misses you. You block something's attack.
The orc hits you with a +0 short sword.
You see here a +0 flail.
You hit the orc.
You kill the orc!
You closely miss something. Something hits you.
* * * LOW HITPOINT WARNING * * *
Something hits you but does no damage. Something hits you but does no damage.
Things that are here:
a +0 short sword; a +0 ring mail Something hits you but does no damage.
You see here a +0 flail.
You closely miss something. Your headbutt misses something.
Something hits you but does no damage.
You hit something. Something hits you but does no damage.
You closely miss something.
You hear some strange, mumbled words.
Something tries to affect you, but you resist.
An orc wizard comes into view.
It is wielding a +0 dagger and carrying a wand of acid (9).
Something hits you but does no damage.
You completely miss something.
The orc wizard shouts!
Your headbutt misses something. Something hits you.
You miss something.
The orc wizard points at you and mumbles some strange words.
The magic dart hits you.
* * * LOW HITPOINT WARNING * * *
Something hits you but does no damage. Something hits you.
* * * LOW HITPOINT WARNING * * *
You closely miss something. The orc wizard casts a spell at you.
The puff of flame hits you!
You die...

######## ####......#
#..!.<....# #.........#
#...[.....###############
####.........#>............#
...........###@).......###.####
...........'o){................
...........####............####
..........># #######.^....'..#
...[#.....# #............##..
... #.....# #............####
#.....####......).....####
##.......#......####.....#
#.......#.............#.#


You could see an orc wizard.

Vanquished Creatures
  An ogre (D:4)
  An orc wizard (D:3)
  4 adders
  2 dart slugs
  8 orcs
  5 endoplasms
  3 giant cockroaches
  3 goblins (D:1)
  5 hobgoblins
  3 jackals (D:3)
  5 quokkas
  6 ball pythons
  8 bats
  2 frilled lizards (D:2)
  4 kobolds
  5 rats
65 creatures vanquished.

Notes
Turn   | Place    | Note
-------+----------+-------------------------------------------
     0 | D:1      | lonewolfV2 the Minotaur Fighter began the quest for the
                  | Orb.
     0 | D:1      | Reached XP level 1. HP: 19/19 MP: 0/0
   220 | D:1      | Reached skill level 4 in Fighting
   270 | D:1      | Reached XP level 2. HP: 28/28 MP: 1/1
   526 | D:1      | Reached skill level 5 in Fighting
   798 | D:2      | Reached XP level 3. HP: 34/36 MP: 2/2
   878 | D:2      | Found a sparkling altar of Nemelex Xobeh.
  1415 | D:3      | Reached skill level 6 in Fighting
  1415 | D:3      | Reached XP level 4. HP: 41/44 MP: 3/3
  1632 | D:3      | Identified the +0 leather armour "Bienut" {+Blink rC- rCorr
                  | Str-4}
  2444 | D:4      | Noticed an ogre
  2458 | D:4      | Killed an ogre
  2459 | D:4      | Reached skill level 7 in Fighting
  2459 | D:4      | Reached XP level 5. HP: 24/53 MP: 4/4
  2480 | D:4      | Killed from afar by an orc wizard

Illustrated notes

Levels and vault maps discovered:
D:1:      nagdon_arrival_double_spiral, layout_basic, palyth_stone_intersect,
          minmay_circled_x
D:2:      layout_rooms, basic_altar
D:3:      layout_basic, kennysheep_pointless_box, hex_intersection
D:4:      kennysheep_six_static_rooms, layout_basic

Skill      XL: |  1  2  3  4 |
---------------+-------------+-----
Fighting       | 4 5 6 7 |  7.8
Axes           | |  2.4
Armour         | |  3.6
Shields        | |  3.6

Action                     |  1- 3 |  4- 6 || total
---------------------------+-------+-------++-------
  Melee: War axe           |    71 |    47 ||   118
         Headbutt          |    13 |     6 ||    19
    Use: Scroll            |     6 |     6 ||    12
 Armour: Scale mail        |    64 |    32 ||    96
  Dodge: Dodged            |    50 |    23 ||    73
  Block: Buckler           |    24 |    15 ||    39
